AoeStats
← nachvil

MegaRandom

504915148Analyzed
2v2 RM · 27d ago on Sep 7, 2026· 31m 45s· 4 players
Game mode
Random Map
Map size
Medium (4 player)
Population
200
Speed
Normal
Resources
Standard
Victory
Conquest
Starting age
Dark Age
Ending age
Imperial Age
RankedLock teamsTeams togetherTeam positionsShared explorationLock speedFull tech treeHidden civsTurbo modeCheats
Victory
Defeat
🇫🇷 Vietnamese · France
867
+12
🇫🇷 Franks · France
710
+18
🇨🇱 Chinese · Chile
774
-38
🇨🇱 Teutons · Chile
774
-38
Toxiquin
0:34 Loom
10:01 Feudal Age
10:49 Double-Bit Axe
14:34 Wheelbarrow
17:23 Castle Age
17:23 Town Watch
17:35 Stone Mining
23:59 Bow Saw
24:22 Town Patrol
nachvil
11:26 Feudal Age
15:27 Wheelbarrow
21:06 Castle Age
31:11 Scale Barding Armor
Tanguy
11:19 Feudal Age
12:02 Double-Bit Axe
16:58 Wheelbarrow
27:04 Castle Age
29:05 Husbandry
28:26 Light Cavalry
Morty
10:29 Feudal Age
10:15 Loom
16:10 Wheelbarrow
15:23 Double-Bit Axe
18:42 Fletching
19:36 Horse Collar
24:38 Castle Age
24:44 Crossbowman
25:34 Thumb Ring
25:37 Bodkin Arrow
26:28 Thumb Ring
26:30 Padded Archer Armor
30:38 Ballistics
Connection lost

Rejoining the realm…

Still unreachable

The connection could not be restored.

Session expired

The server has moved on; the page needs a fresh start.